 Dungeon Sprint DCSS version 0.25.1-8-g42b30a86e7 (webtiles) character file.

Game seed: 9198385087831257118

0 Gabide the Poker (level 5, -10/35 HPs)
             Began as a Tengu Monk on Dec 3, 2020.
             Was an Initiate of Ru.
             Mangled by an orc warrior
             ... wielding a +0 halberd
              (16 damage)
             ... in the Dungeon (Sprint VI: "Thunderdome").
             The game lasted 00:03:50 (147 turns).

Gabide the Poker (Tengu Monk)                        Turns: 147, Time: 00:03:50

Health: -10/35     AC:  2    Str: 11    XL:     5   Next: 3%
Magic:  6/6        EV: 16    Int: 15    God:    Ru [......]
Gold:   15         SH:  0    Dex: 13    Spells: 4/4 levels left

rFire    . . .     SeeInvis .   h - +0 glaive
rCold    . . .     Gourm    .   (shield currently unavailable)
rNeg     . . .     Faith    .   o - +0 animal skin "Yleshrai" {Int+5 Dex-5} (curse)
rPois    .         Spirit   .   (helmet restricted)
rElec    .         Reflect  .   (no cloak)
rCorr    .         Harm     .   (no gloves)
MR       .....     NoTele   +   (boots unavailable)
Stlth    ++........             (no amulet)
HPRegen  0.11/turn              (no ring)
MPRegen  0.10/turn              (no ring)

@: berserk cooldown, hasted and slowed
A: beak, talons 3, able to fly, missing an eye
a: Fly, Renounce Religion


You were in the Dungeon.
You worshipped Ru.
Ru was noncommittal.
You were not hungry.

You visited 1 branch You collected 200 gold pieces.
You spent 185 gold pieces at shops.

Inventory:

Hand Weapons
 a - a +0 spear
 h - a +0 glaive (weapon)
Armour
 b - a +0 robe
 o - the cursed +0 animal skin "Yleshrai" (worn) {Int+5 Dex-5}
   (You bought it in a shop in the Dungeon)

   It affects your intelligence (+5).
   It affects your dexterity (-5).
   It has a curse placed upon it.
Wands
 k - a wand of acid (5)
 l - a wand of iceblast (5)
Scrolls
 i - 4 scrolls of blinking
 m - 3 scrolls of fog
Potions
 d - a potion of curing
 e - a potion of heal wounds
 f - 3 potions of haste
 g - 2 potions of magic
 j - 2 potions of resistance
Comestibles
 c - a ration
 n - 2 chunks of flesh


   Skills:
 + Level 5.1 Fighting
 * Level 7.4 Polearms
 + Level 7.3 Dodging
 - Level 2.0 Stealth


You had 4 spell levels left.
You didn't know any spells.
Your spell library was empty.

Dungeon Overview and Level Annotations

Branches:
Dungeon (1/1)

Altars:
Dithmenos
Fedhas
Gozag
Kikubaaqudgha
Makhleb
Okawaru
Qazlal
Ru
Sif Muna
Trog
Uskayaw
Vehumet
Xom
Yredelemnul
Zin
Beogh
Jiyva
Lugonu

Shops:
D *[%?**[(!!!!


Innate Abilities, Weirdness & Mutations

You have a beak for a mouth.
You have claws for feet.
You can fly continuously.
You are missing an eye, making it more difficult to aim.


Message History

You closely miss the orc priest. 50... The orc priest completely misses you.
The orc priest misses you.
You miss the orc priest. The orc priest completely misses you.
You closely miss the orc priest. Your kick misses the orc priest.
The orc priest mumbles some strange prayers to Beogh against you.
Beogh smites you!
Press: ? - help, v - describe, . - travel
Here: an orc warrior, wielding a +0 halberd and wearing a +0 chain mail The floor.
Unknown command.
The orc warrior barely misses you. The orc priest closely misses you.
Your extra speed is starting to run out.
The orc warrior misses you.
There is a blossoming altar of Fedhas here.
The orc priest invokes the aid of Beogh against you.
Beogh smites you!
* * * LOW HITPOINT WARNING * * *
The orc warrior hits you with a +0 halberd!
You die...

######.8.........8.##
##∩_._......# #......_
###∩.......)8.# #.8.....
##.........[...###.......
#⌠..........###...###....
#⌠..........# #.<.# #....
#⌠..........###...###....
##......o......###.......
###∩...@....8.# #.8.....
##∩___o.....###......_
######.8.........8.##
#⌠...........⌠#
###.........###
#.........# #_......._#
#_......._# #∩.......∩#


You could see an orc warrior and an orc priest.

Vanquished Creatures
  An orc warrior (D)
  An orc wizard (D)
  An orc (D)
3 creatures vanquished.

Notes
Turn   | Place    | Note
-------+----------+-------------------------------------------
     0 | D        | Gabide the Tengu Monk began the quest for the Orb.
     0 | D        | Reached XP level 1. HP: 14/14 MP: 2/2
     3 | D        | Found an iron altar of Okawaru.
     4 | D        | Found an ancient bone altar of Kikubaaqudgha.
     4 | D        | Found a shadowy altar of Dithmenos.
     5 | D        | Found an opulent altar of Gozag.
     5 | D        | Found a basalt altar of Yredelemnul.
     5 | D        | Round 1.
     6 | D        | Found Foicax's Do-It-Yourself Clinic.
     6 | D        | Found a sacrificial altar of Ru.
     6 | D        | Found a corrupted altar of Lugonu.
     6 | D        | Found Archen's Distillery.
     7 | D        | Found Soulaquf's Bottled Wisdom.
     7 | D        | Found Ackoyfrua's Distillery.
     8 | D        | Noticed an orc wizard
     9 | D        | Found a burning altar of Makhleb.
    13 | D        | Became a worshipper of Ru the Awakened
    15 | D        | Killed an orc wizard
    15 | D        | Reached skill level 5 in Polearms
    15 | D        | Reached skill level 5 in Dodging
    15 | D        | Reached XP level 2. HP: 18/20 MP: 3/3
    15 | D        | Reached XP level 3. HP: 21/24 MP: 4/4
    20 | D        | Gained mutation: You are missing an eye, making it more
                  | difficult to aim. [Ru sacrifice]
    62 | D        | Found a roughly hewn altar of Beogh.
    62 | D        | Found Yqyisureps's Weapon Rack.
    62 | D        | Found Wunonad's Basic Armour.
    63 | D        | Found Asahix's Miscellaneous Merchandise.
    68 | D        | Found Laofrot's Premium Goods.
    68 | D        | Found a hide-covered altar of Uskayaw.
    68 | D        | Found a bloodstained altar of Trog.
    77 | D        | Found a blossoming altar of Fedhas.
    81 | D        | Found a glowing silver altar of Zin.
    81 | D        | Found a shimmering blue altar of Sif Muna.
    81 | D        | Found Xauquhae's Identification Station.
    81 | D        | Found Zemuf's Advanced Armour.
    82 | D        | Found Upennur's Jewellery.
    87 | D        | Found Ymeleab's Delicious Food.
    87 | D        | Found a viscous altar of Jiyva.
    87 | D        | Found a shimmering altar of Xom.
    88 | D        | Bought a shimmering animal skin for 185 gold pieces
    98 | D        | Identified the cursed +0 animal skin "Yleshrai" {Int+5
                  | Dex-5} (You bought it in a shop in the Dungeon)
    98 | D        | Noticed an orc warrior
   101 | D        | Found a stormy altar of Qazlal.
   103 | D        | Found a radiant altar of Vehumet.
   117 | D        | Killed an orc warrior
   117 | D        | Reached skill level 5 in Fighting
   117 | D        | Reached XP level 4. HP: 17/31 MP: 5/5
   117 | D        | Gained mutation: You can fly continuously. [Tengu growth]
   117 | D        | Reached XP level 5. HP: 19/35 MP: 6/6
   140 | D        | Noticed an orc warrior
   147 | D        | Mangled by an orc warrior

Illustrated notes

Levels and vault maps discovered:
D:        arena_sprint

Skill      XL: |  1  2  3 |
---------------+----------+-----
Polearms       | 5 7 |  7.4
Dodging        | 5 7 |  7.3
Fighting       | 5 |  5.1
Stealth        | |  2.0

Action                   |  1- 3 |  4- 6 || total
-------------------------+-------+-------++-------
Melee: Spear             |    13 |     3 ||    16
       Kick              |     1 |       ||     1
       Glaive            |       |     6 ||     6
       Peck              |       |     2 ||     2
Invok: Sacrifice an Eye  |     1 |       ||     1
  Use: Potion            |     3 |     2 ||     5
Dodge: Dodged            |     4 |     9 ||    13
